 Dungeon Crawl Stone Soup version 0.23-a0-539-g3f6f39f (webtiles) character file.

421 RoseArtemis the Ruffian (level 6, -1/55 HPs)
             Began as a Troll Monk on Dec 7, 2018.
             Was a Priest of Hepliaklqana.
             Slain by galech's ghost (7 damage)
             ... on level 4 of the Dungeon.
             The game lasted 00:05:37 (2868 turns).

RoseArtemis the Ruffian (Troll Monk)                Turns: 2868, Time: 00:05:38

Health: -1/55      AC:  5    Str: 20    XL:     6   Next: 62%
Magic:  5/5        EV: 11    Int: 11    God:    Hepliaklqana [***...]
Gold:   204        SH:  0    Dex: 14    Spells: 5/5 levels left

rFire    . . .     SeeInvis .     - Unarmed
rCold    . . .     Gourm    +   (no shield)
rNeg     . . .     Faith    .   a - +0 robe
rPois    .         Spirit   .   (helmet restricted)
rElec    .         Reflect  .   (no cloak)
rCorr    .         Harm     .   (gloves unavailable)
MR       .....                  (boots unavailable)
Stlth    ++........             (no amulet)
HPRegen  0.58/turn              c - +5 ring of intelligence
MPRegen  0.09/turn              (no ring)

@: no status effects
A: large, unfitting armour, reduced essence, claws 3, fast metabolism 3,
gourmand, regeneration 1, shaggy fur 1, tough skin 2
a: Recall Ancestor, Ancestor Identity, Transference, Renounce Religion


You were on level 4 of the Dungeon.
You worshipped Hepliaklqana.
Hepliaklqana was most pleased with you.
You were not hungry.

You visited 1 branch of the dungeon, and saw 4 of its levels.

You collected 204 gold pieces.

Inventory:

Armour
 a - a +0 robe (worn)
Jewellery
 c - a +5 ring of intelligence (left claw)
 h - a cursed amulet of inaccuracy {unknown}
 p - an uncursed amulet of harm {unknown}
Wands
 r - a wand of digging (3)
Scrolls
 d - 4 scrolls of identify {unknown}
 e - a scroll of random uselessness {unknown}
 f - a scroll of noise {unknown}
 k - a scroll of enchant weapon {unknown}
 l - 2 scrolls of teleportation {unknown}
 m - a scroll of amnesia {unknown}
Potions
 g - 2 potions of lignification {unknown}
 i - a potion of curing {unknown}
 j - 2 potions of flight {unknown}
 n - a potion of mutation {unknown}
 o - a potion of haste {unknown}
 q - a potion of cancellation {unknown}
Comestibles
 b - 11 rations


   Skills:
 + Level 3.7 Fighting
 + Level 3.7 Dodging
 - Level 1.0 Stealth
 * Level 5.7 Unarmed Combat


You had 5 spell levels left.
You didn't know any spells.
Your spell library was empty.

Dungeon Overview and Level Annotations

Branches:
Dungeon (4/15)
 Temple: D:4-7

Altars:
Cheibriados
Dithmenos
Gozag
Hepliaklqana
Uskayaw
Vehumet

Annotations:
D:4 1 transporter, galech's ghost, amateur DsFi


Innate Abilities, Weirdness & Mutations

You are too large for most types of armour.
You have claws for hands.
Your metabolism is lightning-fast.
You like to eat raw meat.
Your natural rate of healing is unusually fast.
You are covered in fur. (AC +1)
You have very tough skin. (AC +2)
Your life essence is reduced to manifest your ancestor. (-10% HP)


Message History

You barely miss galech's ghost.
The adder skeleton bites you but does no damage.
Briella hits galech's ghost with a +0 dagger of draining.
Galech's ghost barely misses you.
The adder skeleton bites you but does no damage.
The centaur skeleton completely misses you.
You barely miss galech's ghost.
The adder skeleton bites you but does no damage.
Briella hits galech's ghost but does no damage.
Galech's ghost hits you!
* * * LOW HITPOINT WARNING * * *
The adder skeleton bites you.
* * * LOW HITPOINT WARNING * * *
The centaur skeleton barely misses you.
You claw galech's ghost!
The adder skeleton bites you but does no damage.
The centaur skeleton hits you but does no damage.
Briella hits galech's ghost but does no damage.
The adder skeleton barely misses you. Galech's ghost hits you!
You die...

.....####............#..#.#.
...........©.........##.#.#.
.....#############...##...#.
.....#©..........#..####..#.
.....#....?......#..........
..(..#..##...##..#......#.#.
.....#..#8...8#..#......#.#.
.....#..##ZZW##..#...(..#..
.....#.....@R....#......#...
.#..##.Z.##..#......#... .
#8...8#..#......#.#.
##...##..#.......... .....
..$[$.. ####### ....©....


You could see the friendly Briella the hexer, galech's ghost, 2 adder skeletons
and a centaur skeleton.

Vanquished Creatures
  An ogre (D:3)
  A crimson imp (D:4)
  2 hounds
  Jessica (D:3)
  A worker ant (D:4)
  7 adders
  An ooze (D:2)
  3 worms
  A leopard gecko (D:3)
  4 orcs (D:4)
  9 bats
  4 giant cockroaches
  6 goblins
  6 hobgoblins
  3 jackals
  A quokka (D:2)
  A ball python (D:2)
  4 frilled lizards
  15 kobolds
  10 rats
81 creatures vanquished.

Vanquished Creatures (collateral kills)
  An iguana (D:4)
  A hound skeleton (D:4)
  2 orcs
  A hobgoblin (D:2)
  A jackal (D:2)
  A kobold (D:2)
  A rat (D:3)
8 creatures vanquished.

Grand Total: 89 creatures vanquished

Notes
Turn   | Place    | Note
-------+----------+-------------------------------------------
     0 | D:1      | RoseArtemis the Troll Monk began the quest for the Orb.
     0 | D:1      | Reached XP level 1. HP: 22/22 MP: 0/0
   123 | D:1      | Reached XP level 2. HP: 22/29 MP: 1/1
   840 | D:2      | Found a hazy altar of Hepliaklqana.
   844 | D:2      | Reached XP level 3. HP: 34/36 MP: 2/2
  1020 | D:2      | Reached skill level 4 in Unarmed Combat
  1052 | D:2      | Reached XP level 4. HP: 44/44 MP: 3/3
  1193 | D:2      | Became a worshipper of Hepliaklqana the Forgotten
  1193 | D:2      | Reached * piety under Hepliaklqana
  1193 | D:2      | Reached ** piety under Hepliaklqana
  1194 | D:2      | Remembered your ancestor Briella as a hexer
  1916 | D:3      | Found a shadowy altar of Dithmenos.
  1920 | D:3      | Noticed an ogre
  1929 | D:3      | Killed an ogre
  1929 | D:3      | Reached XP level 5. HP: 20/47 MP: 4/4
  2167 | D:3      | Reached skill level 5 in Unarmed Combat
  2487 | D:3      | Found a radiant altar of Vehumet.
  2507 | D:3      | Noticed Jessica
  2512 | D:3      | Killed Jessica
  2512 | D:3      | Reached XP level 6. HP: 54/54 MP: 5/5
  2590 | D:3      | Found a snail-covered altar of Cheibriados.
  2750 | D:4      | Reached *** piety under Hepliaklqana
  2765 | D:4      | Found an opulent altar of Gozag.
  2765 | D:4      | Found a hide-covered altar of Uskayaw.
  2794 | D:4      | Found a transporter.
  2794 | D:4      | Noticed galech's ghost (amateur DsFi)
  2808 | D:4      | Found a transporter.
  2868 | D:4      | Slain by galech's ghost

Vault maps used:
D:1:      noname_arrival_rooms_in_the_neighbourhood, serial_rivers,
          chequers_serial_rivers_room_a, chequers_serial_rivers_marsh,
          chequers_serial_rivers_small_a, chequers_serial_rivers_marsh,
          chequers_serial_rivers_micro_b, chequers_serial_rivers_micro_a,
          minmay_pentomino_o2
D:2:      wad_river_or_something, overflow_temple_1_default
D:3:      old_standard_altar, nicolae_dithmenos_shadow_blocks,
          lemuel_coloured_pillars_altar, first_ration, uniq_jessica
D:4:      chequers_temple_overflow_statue_of_worship, gammafunk_ghost_mausoleum,
          kennysheep_path_1

Skill      XL: |  1  2  3  4  5 |
---------------+----------------+-----
Unarmed Combat | 4 5 |  5.7
Fighting       | 3 |  3.7
Dodging        | 3 |  3.7
Stealth        | |  1.0

Action                   |  1- 3 |  4- 6 || total
-------------------------+-------+-------++-------
Melee: Unarmed           |   105 |   105 ||   210
       Punch             |     1 |     3 ||     4
Invok: Ancestor Life: He |       |     1 ||     1
       Ancestor Identity |       |     1 ||     1
 Stab: Sleeping          |     4 |     8 ||    12
  Eat: Chunk             |    15 |    12 ||    27
Armor: Robe              |    42 |    30 ||    72
Dodge: Dodged            |    42 |    68 ||   110

Table legend:
 A = Non-vault XP
 B = Vault XP
 C = Vault XP percentage of total XP
 D = Non-vault monster count
 E = Vault monster count
 F = Vault count percentage of total count
                 A         B        C        D         E       F
            +---------+---------+-------+---------+---------+-------
      Total |     512 |      90 |  15.0 |      76 |      13 |  14.6
            +---------+---------+-------+---------+---------+-------
        D:1 |      31 |       3 |   8.8 |      20 |       2 |   9.1
        D:2 |      65 |      30 |  31.6 |      29 |       9 |  23.7
        D:3 |     240 |      37 |  13.4 |      17 |       1 |   5.6
        D:4 |     176 |      20 |  10.2 |      10 |       1 |   9.1
            +---------+---------+-------+---------+---------+-------
